 Seeded DCSS version 0.27-a0-1196-g3e9cee4cb2 (webtiles) character file.

Game seed: 20210528 (custom seed)

49 Snicker the Sneak (level 3, -6/27 HPs)
             Began as a Demonspawn Brigand on May 28, 2021.
             Mangled by Sigmund
             ... wielding a +3 scythe of protection
              (12 damage)
             ... on level 2 of the Dungeon.
             The game lasted 00:03:00 (1759 turns).

Snicker the Sneak (Demonspawn Brigand)              Turns: 1759, Time: 00:03:01

Health: -6/27      AC:  3    Str: 11    XL:     3   Next: 53%
Magic:  3/3        EV: 11    Int: 12    God:
Gold:   66         SH:  0    Dex: 15    Spells: 2/2 levels left

rFire    . . .     SeeInvis .   a - +2 dagger
rCold    . . .     Faith    .   (no shield)
rNeg     . . .     Spirit   .   b - +0 robe
rPois    .         Reflect  .   (no helmet)
rElec    .         Harm     .   c - +0 cloak
rCorr    .         Rampage  .   (no gloves)
Will     .....                  (no boots)
Stlth    +++.......             (no amulet)
HPRegen  0.09/turn              (no ring)
MPRegen  0.08/turn              (no ring)

@: no status effects
A: spiny 1
a: no special abilities


You were on level 2 of the Dungeon.
You visited 1 branch of the dungeon, and saw 2 of its levels.

You collected 66 gold pieces.

Inventory:

Hand Weapons
 a - a +2 dagger (weapon)
Missiles
 d - 8 poisoned darts
 e - a curare-tipped dart (quivered)
Armour
 b - a +0 robe (worn)
 c - a +0 cloak (worn)
Scrolls
 f - 3 scrolls of teleportation {unknown}
 g - a scroll of magic mapping {unknown}
 h - a scroll of vulnerability {unknown}
 j - a scroll of blinking {unknown}
Potions
 i - a potion of might {unknown}


   Skills:
 + Level 2.1 Fighting
 * Level 2.1 Short Blades
 + Level 2.1 Throwing
 + Level 0.9 Dodging
 * Level 4.6 Stealth


You had 2 spell levels left.
You didn't know any spells.
Your spell library was empty.

Dungeon Overview and Level Annotations

Branches:
Dungeon (2/15)

Altars:

Annotations:
D:2 Sigmund


Innate Abilities, Weirdness & Mutations

You are partially covered in sharp spines.


Message History

Sigmund is moderately wounded.
Sigmund hits you with a +3 scythe of protection!
Found a whip.
You barely miss Sigmund.
Sigmund is moderately wounded.
You hit Sigmund.
Sigmund is moderately wounded.
Sigmund casts a spell at you. The puff of flame hits you!
* * * LOW HITPOINT WARNING * * *
You hit Sigmund.
Sigmund is moderately wounded.
Sigmund hits you with a +3 scythe of protection.
* * * LOW HITPOINT WARNING * * *
You closely miss Sigmund.
Sigmund is moderately wounded.
It was a potion of curing.
You feel better. Sigmund barely misses you.
You hit Sigmund.
Sigmund is heavily wounded.
You hit Sigmund but do no damage.
Sigmund is heavily wounded.
Sigmund completely misses you.
You barely miss Sigmund.
Sigmund is severely wounded.
Sigmund hits you with a +3 scythe of protection!
* * * LOW HITPOINT WARNING * * *
You hit Sigmund.
Sigmund is severely wounded.
You closely miss Sigmund.
Sigmund is severely wounded.
Sigmund flickers, as though insubstantial.
Sigmund barely misses you.
You hit Sigmund.
Sigmund is severely wounded.
Sigmund casts a spell at himself.
Sigmund flickers and vanishes!
Deactivating autopickup; reactivate with Ctrl-A.
You hit something but do no damage. You miss something. Something hits you!
You die...

..).### .......
....... .......
.....#########
#.(.........#
..####{.>......#
#....(.@.......#
######.........#
##..#######
##.....#
..######....#
#...........#
####
########...(# ..
..... ##....# .
..... #.....#


There were no monsters in sight!

Vanquished Creatures
  An adder (D:2)
  A dart slug (D:1)
  6 ball pythons
  3 endoplasms (D:1)
  3 giant cockroaches (D:1)
  4 hobgoblins
  A quokka (D:1)
  3 bats (D:1)
  2 frilled lizards (D:1)
  6 goblins (D:1)
  4 kobolds (D:1)
  3 rats
37 creatures vanquished.

Notes
Turn   | Place    | Note
-------+----------+-------------------------------------------
     0 | D:1      | Snicker the Demonspawn Brigand began the quest for the Orb.
     0 | D:1      | Reached XP level 1. HP: 16/16 MP: 1/1
   341 | D:1      | Gained mutation: You are partially covered in sharp spines.
                  | [demonic ancestry]
   341 | D:1      | Reached XP level 2. HP: 5/22 MP: 2/2
   343 | D:1      | HP: 1/22 [hobgoblin (4)]
   659 | D:1      | Reached skill level 4 in Stealth
  1148 | D:1      | Reached XP level 3. HP: 27/27 MP: 3/3
  1233 | D:1      | Found a faded altar of an unknown god.
  1740 | D:2      | Noticed Sigmund
  1759 | D:2      | Mangled by Sigmund

Illustrated notes

Levels and vault maps discovered:
D:1:      minmay_arrival_solitary_statue, layout_loops_ring,
          shapermc_ecumenical_altar_flowoftime
D:2:      minmay_chambers_of_twos, layout_rooms, basic_altar, uniq_sigmund

Skill      XL: |  1  2 |
---------------+-------+-----
Throwing       | 2 |  2.1
Stealth        | 4 |  4.6
Short Blades   | 2 |  2.1
Fighting       | |  2.1
Dodging        | |  0.9

Action                   || total
-------------------------++-------
Melee: Dagger            ||   108
Throw: Dart              ||     1
  Use: Potion            ||     1
 Stab: Sleeping          ||     7
       Distracted        ||     1
Armor: Robe              ||    20
Dodge: Dodged            ||    37

Table legend: (Time is in decaauts)
 A = Elapsed time spent in this place.
 B = Non-inter-level travel time spent in this place.
 C = Inter-level travel time spent in this place.
 D = Time resting spent in this place.
 E = Time spent auto-exploring this place.
 F = Levels seen in this place.
 G = Mean time per level.
                   A        B        C        D        E       F      G
               +--------+--------+--------+--------+--------+-----+--------+
         Total |   1748 |   1728 |     20 |    291 |   1197 |   2 |  874.0 |
       Dungeon |   1748 |   1728 |     20 |    291 |   1197 |   2 |  874.0 |
               +--------+--------+--------+--------+--------+-----+--------+

Top non-repeatable levels by time:
     D:1: 1638 daAuts
     D:2: 110 daAuts
